 Dungeon Crawl Stone Soup version 0.21-a0-279-g6037ffb (webtiles) character file.

178 tidbits the Grave Robber (level 5, -4/38 HPs)
             Began as a Draconian Necromancer on Sept 23, 2017.
             Was a Follower of Uskayaw.
             Slain by a gargoyle
             ... wielding a +0 morningstar of protection
              (23 damage)
             ... on level 5 of the Dungeon.
             The game lasted 00:13:44 (1668 turns).

tidbits the Grave Robber (Draconian Necromancer)    Turns: 1668, Time: 00:13:44

Health: -4/38      AC:  6    Str: 16    XL:     5   Next: 32%
Magic:  2/10       EV: 17    Int: 16    God:    Uskayaw [*.....]
Gold:   298        SH:  0    Dex: 16    Spells: 3/11 levels left

rFire    . . .     SeeInvis .   d - +0 dagger
rCold    . . .     Gourm    .   (no shield)
rNeg     . . .     Faith    .   (armour unavailable)
rPois    .         Spirit   .   (helmet restricted)
rElec    .         Reflect  .   (no cloak)
rCorr    +         Harm     .   (no gloves)
MR       .....                  F - +0 pair of boots
Stlth    +++.......             (no amulet)
HPRegen  1.12/turn              j - ring of resist corrosion
MPRegen  0.12/turn              (no ring)

@: mighty, agile, regenerating
A: unfitting armour, cold-blooded, AC +5
a: Stomp, Renounce Religion


You were on level 5 of the Dungeon.
You worshipped Uskayaw.
Uskayaw was noncommittal.
You were not hungry.

You visited 1 branch of the dungeon, and saw 5 of its levels.

You collected 298 gold pieces.

Inventory:

Hand Weapons
 d - a +0 dagger (weapon)
 f - a +0 spear
Missiles
 e - 27 arrows
 u - 2 javelins (quivered)
Armour
 D - a +0 buckler
 F - a +0 pair of boots (worn)
Jewellery
 j - a ring of resist corrosion (left hand)
   (You found it on level 1 of the Dungeon)
Wands
 n - a wand of acid (2/15)
Scrolls
 h - a scroll of noise
 i - a scroll of identify
 k - a scroll of fear {unknown}
 m - 2 scrolls of remove curse {unknown}
 r - a scroll of random uselessness {unknown}
 t - 3 scrolls of magic mapping
 w - a scroll of fog {unknown}
Potions
 c - a potion of agility
 g - 2 potions of magic
 l - a potion of heal wounds
 v - a potion of might
Books
 a - a book of Necromancy

   Spells                             Type                      Level
   a - Pain                           Necromancy                   1
   b - Animate Skeleton               Necromancy                   1
   c - Vampiric Draining              Necromancy                   3
   d - Regeneration                   Charms/Necromancy            3
   e - Animate Dead                   Necromancy                   4
   f - Control Undead                 Necromancy                   4
Comestibles
 b - 4 bread rations
 o - a chunk of flesh
 p - 2 royal jellies
 q - a meat ration


   Skills:
 - Level 1.7 Dodging
 - Level 1.7 Stealth
 + Level 3.5 Spellcasting
 * Level 5.8 Necromancy


You had 3 spell levels left.
You knew the following spells:

 Your Spells              Type           Power        Failure   Level  Hunger
n - Animate Skeleton      Necr           N/A          1%          1    None
r - Regeneration          Chrm/Necr      ##........   16%         3    ###....
v - Vampiric Draining     Necr           ###.......   4%          3    ###....
z - Pain                  Necr           ###.         1%          1    None


Dungeon Overview and Level Annotations

Branches:
Dungeon (5/15)
 Temple: D:4-7

Altars:
Cheibriados
Dithmenos
Elyvilon
Okawaru
Trog
Uskayaw
Vehumet
Wu Jian
Yredelemnul


Innate Abilities, Weirdness & Mutations

Your plain brown scales are hard. (AC +5)
You cannot fit into any form of body armour.
You are cold-blooded and may be slowed by cold attacks.


Message History

Casting: Animate Skeleton
Confirm with . or Enter, or press ? or * to list all spells.
Aiming: Pain
Press: ? - help, Shift-Dir - straight line, f - ooze
Aim: an ooze (chance to defeat MR: 80%)
The ooze writhes in agony!
Casting: Pain
Confirm with . or Enter, or press ? or * to list all spells.
Aiming: Pain
Press: ? - help, Shift-Dir - straight line, f/p - ooze
Aim: an ooze (chance to defeat MR: 80%)
The ooze barely resists.
Casting: Pain
Confirm with . or Enter, or press ? or * to list all spells.
Aiming: Pain
Press: ? - help, Shift-Dir - straight line, f/p - ooze
Aim: an ooze (chance to defeat MR: 80%)
The ooze writhes in agony!
Casting: Pain
Confirm with . or Enter, or press ? or * to list all spells.
Aiming: Pain
Press: ? - help, Shift-Dir - straight line, f/p - ooze
Aim: an ooze (lightly wounded, chance to defeat MR: 80%)
The ooze writhes in agony!
Casting: Pain
Confirm with . or Enter, or press ? or * to list all spells.
Aiming: Pain
Press: ? - help, Shift-Dir - straight line, f/p - ooze
Aim: an ooze (moderately wounded, chance to defeat MR: 80%)
The ooze writhes in agony!
The ooze barely misses you.
Casting: Pain
Confirm with . or Enter, or press ? or * to list all spells.
Aiming: Pain
Press: ? - help, Shift-Dir - straight line, f/p - ooze
Aim: an ooze (almost dead, chance to defeat MR: 80%)
The ooze writhes in agony!
The ooze closely misses you.
Casting: Pain
Confirm with . or Enter, or press ? or * to list all spells.
Aiming: Pain
Press: ? - help, Shift-Dir - straight line, f/p - ooze
Aim: an ooze (almost dead, chance to defeat MR: 80%)
The ooze writhes in agony!
You kill the ooze!
There is a stone staircase leading down here.
You climb downwards.
Your mindless thrall stays behind.
Found 4 fruits.
There is a stone staircase leading up here.
Found 9 gold pieces.
Found 19 sling bullets and a scroll of noise.
You now have 298 gold pieces (gained 9).
You enter a teleport trap!
The teleport trap disappears.
Your surroundings suddenly seem different.
Found a potion of magic.
An ooze comes into view.
The ooze quivers.
Found a potion of agility and a blackened wooden wand.
Casting: Pain
Confirm with . or Enter, or press ? or * to list all spells.
Aiming: Pain
Press: ? - help, Shift-Dir - straight line, f - ooze
Aim: an ooze (chance to defeat MR: 80%)
The ooze barely resists.
You hit the ooze but do no damage. The ooze misses you.
You hit the ooze but do no damage. The ooze closely misses you.
You hit the ooze. You tail-slap the ooze.
The ooze is heavily wounded.
The ooze hits you.
You hit the ooze. You tail-slap the ooze.
The ooze is almost dead.
The ooze hits you.
You barely miss the ooze.
The ooze is almost dead.
The ooze jiggles.
The ooze misses you.
You hit the ooze.
You kill the ooze!
g - 2 potions of magic (gained 1)
Found a blackened silver ring.
A gargoyle comes into view.
It is wielding a morningstar of protection.
You feel agile all of a sudden.
You feel very mighty all of a sudden. What are your orders? t - Shout!
Orders for allies: a - Attack new target. r - Retreat! s - Stop attacking. g - Guard the area. f - Follow me.
Anything else - Cancel.
You shout for attention!
The gargoyle hurls a stone arrow at you.
The stone arrow misses you.
Casting: Pain
Confirm with . or Enter, or press ? or * to list all spells.
Your skin crawls.
The gargoyle hits you with a morningstar of protection!
* * * LOW HITPOINT WARNING * * *
You hit the gargoyle but do no damage.
You tail-slap the gargoyle, but do no damage.
The gargoyle hits you with a morningstar of protection!!
Ouch! That really hurt!
You die...

#... #.... #=./.
#.... #.#.# #.#.#
#.#.#
#####.#.########.
#!@..............
#9###.#.########.
#. #.......... #.
###.####### #.
#.##### #.
#.....# #.
#####.# .. #


You could see a gargoyle.

Vanquished Creatures
  Terence (D:2)
  A worker ant (D:2)
  5 adders
  2 oozes
  2 worms
  2 dart slugs
  2 leopard geckos
  5 giant cockroaches
  8 goblins
  5 hobgoblins
  6 jackals
  6 kobolds
  A quokka (D:3)
  9 bats
  2 frilled lizards (D:1)
  5 rats
62 creatures vanquished.

Vanquished Creatures (collateral kills)
  A fungus (D:3)
1 creature vanquished.

Grand Total: 63 creatures vanquished

Notes
Turn   | Place    | Note
-------+----------+-------------------------------------------
     0 | D:1      | tidbits the Draconian Necromancer began the quest for the Orb.
     0 | D:1      | Reached XP level 1. HP: 14/14 MP: 3/3
   298 | D:1      | Reached XP level 2. HP: 19/20 MP: 3/5
   301 | D:1      | Learned a level 1 spell: Animate Skeleton
   623 | D:2      | Reached XP level 3. HP: 19/26 MP: 2/7
   628 | D:2      | Learned a level 3 spell: Vampiric Draining
   694 | D:2      | Reached skill level 3 in Spellcasting
   716 | D:2      | Found a basalt altar of Yredelemnul.
   726 | D:2      | Found a shadowy altar of Dithmenos.
   731 | D:2      | Found a bloodstained altar of Trog.
   786 | D:2      | Reached XP level 4. HP: 27/33 MP: 3/8
   795 | D:2      | Found a radiant altar of Vehumet.
   800 | D:2      | Found a white marble altar of Elyvilon.
   802 | D:2      | Found a snail-covered altar of Cheibriados.
   806 | D:2      | Found a hide-covered altar of Uskayaw.
   810 | D:2      | Became a worshipper of Uskayaw the Reveler
   857 | D:3      | Reached * piety under Uskayaw
   858 | D:3      | Reached skill level 5 in Necromancy
   918 | D:3      | Learned a level 3 spell: Regeneration
  1065 | D:2      | Reached ** piety under Uskayaw
  1077 | D:2      | Noticed Terence
  1146 | D:3      | Found an ornate altar of the Wu Jian Council.
  1146 | D:3      | Found an iron altar of Okawaru.
  1308 | D:2      | Killed Terence
  1342 | D:2      | Reached XP level 5. HP: 36/38 MP: 6/10
  1631 | D:5      | Entered Level 5 of the Dungeon
  1660 | D:5      | Noticed a gargoyle
  1668 | D:5      | Slain by a gargoyle

Vault maps used:
D:1:      minmay_arrival_up_and_down
D:2:      grunt_temple_overflow_octagram, uniq_terence
D:3:      gammafunk_temple_overflow_elements, minmay_gold_behind_fungi,
          kennysheep_small_spiral
D:4:      kennysheep_slugbush, old_standard_altar, lemuel_temple_firewalk_b
D:5:      first_bread, corexii_checkpoint_a, guppyfry_early_lair_pool

Skill      XL: |  1  2  3  4 |
---------------+-------------+-----
Spellcasting   | 3 |  3.5
Necromancy     | 5 |  5.8
Dodging        | |  1.7
Stealth        | |  1.7

Action                   |  1- 3 |  4- 6 || total
-------------------------+-------+-------++-------
Melee: Dagger            |    16 |    66 ||    82
       Tailslap          |     4 |     6 ||    10
 Cast: Pain              |    48 |    60 ||   108
       Animate Skeleton  |     1 |     4 ||     5
       Vampiric Draining |     1 |       ||     1
       Regeneration      |       |     1 ||     1
Evoke: Wand              |       |     3 ||     3
  Use: Scroll            |     4 |     3 ||     7
       Potion            |       |     2 ||     2
 Stab: Sleeping          |       |     1 ||     1
  Eat: Chunk             |     1 |     3 ||     4
Armor: Skin              |    15 |    26 ||    41
Dodge: Dodged            |    16 |    49 ||    65

Table legend:
 A = Spawn XP
 B = Non-spawn XP
 C = Spawn XP percentage of total XP
 D = Spawn monster count
 E = Non-spawn monster count
 F = Spawn count percentage of total count
 G = Total turns spent on level
                    A         B        C        D         E        F      G
               +---------+---------+-------+---------+---------+-------+---------
         Total |       0 |     255 |   0.0 |       0 |      62 |   0.0 |  1668
               +---------+---------+-------+---------+---------+-------+---------
           D:1 |       0 |      31 |   0.0 |       0 |      19 |   0.0 |   512
           D:2 |       0 |     146 |   0.0 |       0 |      22 |   0.0 |   577
           D:3 |       0 |      58 |   0.0 |       0 |      16 |   0.0 |   477
           D:4 |       0 |      13 |   0.0 |       0 |       4 |   0.0 |    65
           D:5 |       0 |       7 |   0.0 |       0 |       1 |   0.0 |    37
               +---------+---------+-------+---------+---------+-------+---------

Table legend:
 A = Turns spent in this place as a percentage of turns spent in the entire game.
 B = Non-inter-level travel turns spent in this place as a percentage of non-inter-level travel turns spent in the entire game.
 C = Inter-level travel turns spent in this place as a percentage of turns spent in this place.
 D = Turns resting spent in this place as a percentage of non-inter-level travel turns spent in this place.
 E = Turns spent auto-exploring this place as a percentage of non-inter-level travel turns spent in this place.
 F = Non-inter-level travel turns spent in this place divided by the number of levels of this place that you've seen.
                   A       B       C       D       E      F
               +-------+-------+-------+-------+-------+----------------------
         Total | 100.0 | 100.0 |   6.1 |   0.0 |   0.0 | 313.4
       Dungeon | 100.0 | 100.0 |   6.1 |   0.0 |   0.0 | 313.4
               +-------+-------+-------+-------+-------+----------------------

Table legend:
 A = Kills in this place as a percentage of kills in entire the game.
 B = Kills by you in this place as a percentage of kills by you in the entire game.
 C = Kills by friends in this place as a percentage of kills by friends in the entire game.
 D = Other kills in this place as a percentage of other kills in the entire game.
 E = Experience gained in this place as a percentage of experience gained in the entire game.
 F = Experience gained in this place divided by the number of levels of this place that you have seen.
                   A       B       C       D       E      F
               +-------+-------+-------+-------+-------+----------------------
         Total | 100.0 | 100.0 |   N/A |   N/A | 100.0 |  51.0
       Dungeon | 100.0 | 100.0 |   N/A |   N/A | 100.0 |  51.0
               +-------+-------+-------+-------+-------+----------------------

Vault maps used:
D:1:      minmay_arrival_up_and_down
D:2:      grunt_temple_overflow_octagram, uniq_terence
D:3:      gammafunk_temple_overflow_elements, minmay_gold_behind_fungi,
          kennysheep_small_spiral
D:4:      kennysheep_slugbush, old_standard_altar, lemuel_temple_firewalk_b
D:5:      first_bread, corexii_checkpoint_a, guppyfry_early_lair_pool
